 Dungeon Crawl Stone Soup version 0.29-a0-322-g68df515428 (webtiles) character file.

Game seed: 1395161949472505345

201 Flugslaktarn the Stinger (level 6, -2/61 HPs)
             Began as a Human Venom Mage on Apr 5, 2022.
             Was a Priest of Vehumet.
             Slain by Pikel
             ... wielding a +1 whip of freezing
              (3 damage)
             ... on level 4 of the Dungeon on Apr 6, 2022.
             The game lasted 00:08:58 (1669 turns).

Flugslaktarn the Stinger (Human Venom Mage)         Turns: 1669, Time: 00:08:59

Health: -2/61      AC: 23    Str:  7 (8)  XL:     6   Next: 7%
Magic:  2/11       EV:  2    Int: 15 (18) God:    Vehumet [***...]
Gold:   119        SH:  0    Dex: 12 (13) Spells: 8/11 levels left

rFire   + . .      SeeInvis .   i - +1 short sword (venom)
rCold   + . .      Faith    .   (no shield)
rNeg    . . .      Spirit   .   (body armour currently unavailable)
rPois   +          Reflect  .   (helmet currently unavailable)
rElec   +          Harm     .   (cloak currently unavailable)
rCorr   +          Rampage  .   (gloves currently unavailable)
Will    .....      NoTele   +   (boots currently unavailable)
Stlth   ++........              (no amulet)
HPRegen 0.20/turn               (no ring)
MPRegen 0.12/turn               (no ring)

@: tree-form, resistant
A: stationary, stasis, torment immunity, boosted hp, (poison resistance)
a: Renounce Religion


You were on level 4 of the Dungeon.
You worshipped Vehumet.
Vehumet was most pleased with you.
You were a tree.
You visited 1 branch of the dungeon, and saw 4 of its levels.
You also visited: Sewer.

You collected 119 gold pieces.

Inventory:

Hand Weapons
 b - a +2 dagger of protection
   (You took it off an orc wizard on level 3 of the Dungeon)
 i - a +1 short sword of venom (weapon)
   (You took it off a kobold in a sewer)
Armour
 a - a +0 robe (melded)
 c - a +0 pair of gloves (melded)
   (You found it on level 3 of the Dungeon)
 d - a +0 pair of boots (melded)
   (You found it on level 1 of the Dungeon)
Scrolls
 m - a scroll of magic mapping {unknown}
Potions
 f - 2 potions of attraction
 j - 2 potions of mutation
 l - a potion of magic


   Skills:
 - Level 2.3 Dodging
 - Level 2.3 Stealth
 + Level 3.4 Spellcasting
 - Level 2.0 Transmutations
 - Level 2.0 Air Magic
 + Level 4.1 Poison Magic


You had 8 spell levels left.
You knew the following spells:

 Your Spells              Type           Power      Damage    Failure   Level
a - Sting                 Tmut/Pois      44%        1d5       5%          1
b - Poisonous Vapours     Pois/Air       22%        N/A       2%          2

Your spell library contained the following spells:

 Spells                   Type           Power      Damage    Failure   Level
 Dazzling Flash           Conj/Hex       4%         N/A       16%         3
 Magic Dart               Conj           8%         1d3       5%          1
 Ignite Poison            Fire/Tmut/Pois 8%         N/A       7%          3
 Mephitic Cloud           Conj/Pois/Air  8%         N/A       7%          3
 Olgreb's Toxic Radiance  Pois           15%        N/A       10%         4
 Call Imp                 Summ           2%         N/A       28%         2
 Freezing Cloud           Conj/Ice/Air   2%         6-21      67%         5


Dungeon Overview and Level Annotations

Branches:
Dungeon (4/15)              Sewer (visited)
 Temple: D:4-7

Altars:
Vehumet

Annotations:
D:4 Pikel


Innate Abilities, Weirdness & Mutations

You are a tree.
Your roots penetrate the ground, keeping you stationary.
You cannot be teleported.
You are immune to unholy pain and torment.
Your maximum health is greatly increased.
Your equipment is partially melded.
((Your system is resistant to poisons. (rPois)))


Message History

The lemure barely misses you. The lemure attacks as you move away!
The lemure hits you.
Pikel says, "Asmodeus and me are pals.
He gave me this whip."
Press: ? - help, v - describe, . - travel
Here: Pikel, wielding a +1 whip of freezing and wearing a +0 robe The floor.
Unknown command.
Casting: Sting (safe; 4% risk of failure)
Confirm with . or Enter, or press ? or * to list all spells.
Aiming: Poisonous Vapours (safe; 1% risk of failure)
Press: ? - help, Dir - move target, f - Pikel
Aim: Pikel, wielding a +1 whip of freezing and wearing a +0 robe Poisonous vapours surround Pikel!
Pikel is poisoned.
The lemure closely misses you.
Casting: Poisonous Vapours (safe; 1% risk of failure)
Confirm with . or Enter, or press ? or * to list all spells.
Aiming: Poisonous Vapours (safe; 1% risk of failure)
Press: ? - help, Dir - move target, f/p - Pikel
Aim: Pikel, wielding a +1 whip of freezing and wearing a +0 robe (poisoned) Poisonous vapours surround Pikel!
Pikel looks even sicker.
Casting: Poisonous Vapours (safe; 1% risk of failure)
Confirm with . or Enter, or press ? or * to list all spells.
Aiming: Poisonous Vapours (safe; 1% risk of failure)
Press: ? - help, Dir - move target, f/p - Pikel
Aim: Pikel, wielding a +1 whip of freezing and wearing a +0 robe (lightly wounded, very poisoned) Poisonous vapours surround Pikel!
Pikel looks even sicker.
You barely miss Pikel. You punch Pikel, but do no damage.
Pikel is lightly wounded.
Pikel hits you with a +1 whip of freezing!
Pikel freezes you.
You hit Pikel but do no damage.
Pikel looks as sick as possible!
Pikel is lightly wounded.
Pikel hits you with a +1 whip of freezing.
Pikel freezes you.
* * * LOW HITPOINT WARNING * * *
Unknown command.
It was a potion of lignification.
You turn into a tree.
Your +0 pair of gloves melds into your body.
Your +0 pair of boots melds into your body.
Your +0 robe melds into your body.
Your roots penetrate the ground.
Pikel hits you but does no damage.
You hit Pikel.
Pikel looks as sick as possible!
Pikel is moderately wounded.
Pikel hits you with a +1 whip of freezing.
* * * LOW HITPOINT WARNING * * *
Pikel freezes you.
* * * LOW HITPOINT WARNING * * *
Casting: Poisonous Vapours (safe; 1% risk of failure)
Confirm with . or Enter, or press ? or * to list all spells.
Aiming: Sting (safe; 4% risk of failure)
Press: ? - help, Shift-Dir - straight line, f/p - Pikel
Aim: Pikel, wielding a +1 whip of freezing and wearing a +0 robe (moderately wounded, extremely poisoned, 64% to hit)
The sting hits Pikel but does no damage.
Pikel looks as sick as possible!
Pikel is moderately wounded.
Pikel says, "You'll make a fine lemure."
Pikel hits you but does no damage.
Unknown command.
Okay, then.
It was a potion of degeneration.
There was something very wrong with that liquid.
You feel weakened.
You feel dopey.
You feel clumsy. Pikel hits you but does no damage.
Unknown command.
It was a potion of resistance.
You feel protected. Pikel hits you but does no damage.
Unknown command.
You aren't carrying any items that you can evoke.
Unknown command.
Casting: Sting (safe; 5% risk of failure)
Confirm with . or Enter, or press ? or * to list all spells.
Aiming: Sting (safe; 5% risk of failure)
Press: ? - help, Shift-Dir - straight line, f/p - Pikel
Aim: Pikel, wielding a +1 whip of freezing and wearing a +0 robe (heavily wounded, extremely poisoned, 64% to hit)
The sting hits Pikel but does no damage.
Pikel looks as sick as possible!
Pikel is heavily wounded.
Pikel hits you but does no damage.
Casting: Sting (safe; 5% risk of failure)
Confirm with . or Enter, or press ? or * to list all spells.
Aiming: Sting (safe; 5% risk of failure)
Press: ? - help, Shift-Dir - straight line, f/p - Pikel
Aim: Pikel, wielding a +1 whip of freezing and wearing a +0 robe (heavily wounded, extremely poisoned, 64% to hit)
The sting misses Pikel.
The sting hits the lemure.
The lemure is poisoned.
The lemure is lightly wounded.
Pikel hits you with a +1 whip of freezing!
* * * LOW HITPOINT WARNING * * *
Pikel freezes you.
* * * LOW HITPOINT WARNING * * *
Casting: Sting (safe; 5% risk of failure)
Confirm with . or Enter, or press ? or * to list all spells.
Aiming: Sting (safe; 5% risk of failure)
Press: ? - help, Shift-Dir - straight line, f/p - Pikel
Aim: Pikel, wielding a +1 whip of freezing and wearing a +0 robe (severely wounded, extremely poisoned, 64% to hit)
The sting hits Pikel but does no damage.
Pikel looks as sick as possible!
Pikel is severely wounded.
Pikel hits you with a +1 whip of freezing.
You die...

#.......#
#.......#
##.#.#.##
#.#.#.#
#.#.#.#
#.....#
#.....#
###.###
#♣# #K#
#5###
#55.#
###..55...
#######


You could see Pikel (extremely poisoned) and 3 lemures.

Vanquished Creatures
  An orc priest (D:3)
  An orc wizard (D:3)
  3 river rats (Sewer)
  5 adders
  A worm (D:2)
  A dart slug (D:2)
  An orc (D:3)
  3 ball pythons
  6 bats
  3 endoplasms
  3 giant cockroaches (D:3)
  3 goblins
  4 hobgoblins (D:1)
  19 kobolds
  A quokka (D:3)
  2 frilled lizards (D:1)
  22 rats
79 creatures vanquished.

Notes
Turn   | Place    | Note
-------+----------+-------------------------------------------
     0 | D:1      | Flugslaktarn the Human Venom Mage began the quest for the
                  | Orb.
     0 | D:1      | Reached XP level 1. HP: 13/13 MP: 3/3
   139 | D:1      | Found a faded altar of an unknown god.
   152 | D:1      | Prayed at the altar of an unknown god.
   152 | D:1      | Became a worshipper of Vehumet
   152 | D:1      | Reached * piety under Vehumet
   152 | D:1      | Offered knowledge of Magic Dart by Vehumet.
   186 | D:1      | Reached XP level 2. HP: 13/19 MP: 1/5
   714 | D:2      | Reached XP level 3. HP: 22/24 MP: 4/6
   796 | D:3      | Learned a level 2 spell: Poisonous Vapours
   884 | D:3      | Offered knowledge of Foxfire by Vehumet.
   885 | D:3      | Reached skill level 1 in Air Magic
   885 | D:3      | Reached XP level 4. HP: 7/30 MP: 3/7
   965 | D:3      | Gained mutation: Your system is resistant to poisons.
                  | (rPois) [potion of mutation]
   965 | D:3      | Gained mutation: You expend magic power (3 MP) to
                  | strengthen your wands. [potion of mutation]
   965 | D:3      | Lost mutation: You expend magic power (3 MP) to strengthen
                  | your wands. [potion of mutation]
   974 | D:3      | Reached ** piety under Vehumet
  1037 | D:3      | Found a radiant altar of Vehumet.
  1101 | D:3      | Found a glowing drain.
  1125 | D:3      | Reached XP level 5. HP: 18/35 MP: 4/9
  1180 | Sewer    | Entered a sewer
  1319 | Sewer    | Offered knowledge of Dazzling Flash by Vehumet.
  1379 | Sewer    | Reached *** piety under Vehumet
  1440 | Sewer    | Reached skill level 4 in Poison Magic
  1469 | Sewer    | Reached XP level 6. HP: 19/41 MP: 2/11
  1652 | D:4      | Noticed Pikel
  1668 | D:4      | HP: 2/61 [Pikel/+1 whip of freezing (7)]
  1669 | D:4      | Slain by Pikel

Illustrated notes

Levels and vault maps discovered:
D:1:      dpeg_arrival_chambers_temple_mockup, layout_basic,
          shapermc_ecumenical_altar_flowoftime, minivault_24, bh_walls_and_bars
D:2:      layout_loops_ring
D:3:      layout_basic, mainiacjoe_overflow_brackets, gup_sewer_entry_glass
D:4:      layout_loops_cross, minmay_temple_entry_glass,
          gup_ossuary_entry_pyramid, nicolae_concentric_dashed_squares_wild,
          uniq_pikel

Skill      XL: |  1  2  3  4  5 |
---------------+----------------+-----
Air Magic      | 1 2 |  2.0
Transmutations | 2 |  2.0
Spellcasting   | 3 |  3.4
Poison Magic   | 4 |  4.1
Dodging        | |  2.3
Stealth        | |  2.3

Action                   |  1- 3 |  4- 6 || total
-------------------------+-------+-------++-------
Melee: Dagger            |    44 |    31 ||    75
       Short sword       |       |    57 ||    57
       Punch             |       |     2 ||     2
 Cast: Sting             |    29 |    70 ||    99
       Poisonous Vapours |     1 |    11 ||    12
  Use: Scroll            |     2 |     1 ||     3
       Potion            |     1 |     5 ||     6
 Stab: Sleeping          |     1 |       ||     1
Armor: Robe              |    20 |    42 ||    62
       Skin              |       |     5 ||     5
Dodge: Dodged            |    47 |    94 ||   141

Table legend: (Time is in decaauts)
 A = Elapsed time spent in this place.
 B = Non-inter-level travel time spent in this place.
 C = Inter-level travel time spent in this place.
 D = Time resting spent in this place.
 E = Time spent auto-exploring this place.
 F = Levels seen in this place.
 G = Mean time per level.
                   A        B        C        D        E       F      G
               +--------+--------+--------+--------+--------+-----+--------+
         Total |   1739 |   1501 |    238 |      0 |      0 |   5 |  347.8 |
       Dungeon |   1289 |   1051 |    238 |      0 |      0 |   4 |  322.2 |
         Sewer |    449 |    449 |      0 |      0 |      0 |   1 |  449.0 |
               +--------+--------+--------+--------+--------+-----+--------+

Top non-repeatable levels by time:
     D:1: 580 daAuts
     D:3: 472 daAuts
   Sewer: 449 daAuts
     D:2: 204 daAuts
     D:4: 32 daAuts
